 Dungeon Crawl Stone Soup version 0.18-a0-1303-g41c131c (webtiles) character file.

15316 Duffy the Cleaver (level 12, 83/91 HPs)
             Began as a Formicid Fighter on Feb 12, 2016.
             Was the Champion of Cheibriados.
             Quit the game on level 1 of the Lair of Beasts.
             The game lasted 00:18:08 (12127 turns).

Duffy the Cleaver (Formicid Fighter)               Turns: 12127, Time: 00:18:08

Health: 83/91      AC: 18    Str: 42    XL:     12   Next: 56%
Magic:  18/18      EV:  9    Int: 22    God:    Cheibriados [******]
Gold:   335        SH: 15    Dex: 25    Spells: 0 memorised, 11 levels left

rFire  + . .     SeeInvis +     R - +2 war axe (venom)
rCold  . . .     Gourm    +     B - +4 plate armour {rF+}
rNeg   . . .     Faith    .     c - +0 shield
rPois  .         Spirit   .     (helmet unavailable)
rElec  .         Dismiss  .     C - +0 cloak
rCorr  .         Reflect  .     (no gloves)
SustAt .         Harm     .     (no boots)
MR     ++...                    F - amulet of the gourmand
Stlth  ..........               X - +1 ring of evasion
                                r - ring of protection from magic

@: very slow, very resistant to hostile enchantments, extremely unstealthy
A: permanent stasis, dig shafts and tunnels, four strong arms, antennae 3
a: Dig, Shaft Self, Bend Time, Temporal Distortion, Slouch, Step From Time,
Renounce Religion


You were on level 1 of the Lair of Beasts.
You worshipped Cheibriados.
Cheibriados was exalted by your worship.
You were very full.

You visited 3 branches of the dungeon, and saw 12 of its levels.
You also visited: Bailey.

You collected 1037 gold pieces.
You spent 702 gold pieces at shops.


Innate Abilities, Weirdness & Mutations

You are under a permanent stasis effect.
You can dig through walls and to a lower floor.
Your four strong arms can wield two-handed weapons with a shield.
You have a pair of large antennae on your head (SInv).


   Skills:
 - Level 7.3 Fighting
 + Level 13.6 Axes
 - Level 7.4 Armour
 - Level 10.0 Shields
 + Level 9.3 Invocations


You had 11 spell levels left.
You didn't know any spells.

Inventory:

Hand Weapons
 n - a +0 blowgun
 R - a +2 war axe of venom (weapon)
 S - a +4 battleaxe
 U - a +4 scimitar of flaming
Missiles
 o - 47 poisoned needles
 p - 40 stones
 H - 8 javelins (quivered)
 O - 4 curare-tipped needles
 T - 7 exploding tomahawks
Armour
 c - a +0 shield (worn)
 B - a +4 plate armour of fire resistance (worn)
 C - a +0 cloak (worn)
Jewellery
 h - an uncursed ring of protection from cold
 r - a ring of protection from magic (left hand)
 A - an uncursed ring of protection from cold
 F - an amulet of the gourmand (around neck)
 X - a +1 ring of evasion (right hand)
Wands
 e - a wand of lightning (14/15)
 K - a wand of flame (41/48)
 M - a wand of iceblast (5/15)
 Q - a wand of disintegration (9/24)
Scrolls
 a - a scroll of recharging
 b - a scroll of blinking
 k - 5 scrolls of remove curse
 l - 3 scrolls of enchant weapon
 t - a scroll of teleportation
 w - a scroll of immolation
 x - 3 scrolls of noise
 y - 3 scrolls of fear
 z - a scroll of fog
 E - a scroll of magic mapping
 N - 2 scrolls of enchant armour
 P - 3 scrolls of random uselessness
Potions
 g - 2 potions of flight
 j - a potion of mutation {unknown}
 q - a potion of cure mutation
 s - 4 potions of curing
 u - a potion of lignification
 v - 3 potions of magic {unknown}
 D - 3 potions of heal wounds
 I - a potion of resistance
 L - 3 potions of haste {unknown}
 W - 4 potions of might
 Y - a potion of ambrosia
Comestibles
 d - 2 meat rations
 f - 9 bread rations
 m - 11 slices of pizza
 G - 4 beef jerkies
 J - 2 royal jellies

Dungeon Overview and Level Annotations

Branches:
Dungeon (10/15)            Temple (1/1) D:6            Lair (1/8) D:9
    Orc: D:9-12

Altars:
Ashenzari
Cheibriados
Dithmenos
Elyvilon
Fedhas
Gozag
Kikubaaqudgha
Makhleb
Nemelex Xobeh
Okawaru
Pakellas
Qazlal
Ru
Sif Muna
Trog
Vehumet
Xom
Yredelemnul
Zin
The Shining One

Shops:
D:7 *   D:9 =

Annotations:
Lair:1 exclusion: oklob plant


Message History

You barely miss the yak. The yak gores you but does no damage.
Your yak barely misses the yak.
You block the yak's attack.
Your yak gores the yak but does no damage.
You slice the yak!!
You kill the yak!
The yak's corpse dissolves into shadows!
You slash the yak!
The yak is poisoned.
The yak is moderately wounded.
The yak gores you!
Your yak gores the yak.
You slash the yak!
The yak looks even sicker.
The yak is heavily wounded.
You slash the yak!
You kill the yak!
The yak's corpse dissolves into shadows!
No target in view!
No target in view!
No target in view!
No target in view!
No target in view!
No target in view!
No target in view!
No target in view!
No target in view!
No target in view!
No target in view!
No target in view!
No target in view!
No target in view!
No target in view!
No target in view!
No target in view!
No target in view!
No target in view!
No target in view!
Are you sure you want to abandon this character and quit the game? (Confirm with "yes".)

###### #####
#####0H#0#######P#P#####
....0YY@Y0..............
#$##..#+#######.#......#
.....0.........#.......
.....#.#.................
.... ..#.........#.....##
.....#.#...............##
.....#.#.........#.....##
.....#.#...............##
..[....#...............##


You could see 3 friendly yaks and a friendly hippogriff.

Action                   |  1- 3 |  4- 6 |  7- 9 | 10-12 || total
-------------------------+-------+-------+-------+-------++-------
Melee: War axe           |    59 |   163 |   240 |   423 ||   885
       Battleaxe         |       |       |       |     4 ||     4
Invok: Slouch            |       |       |       |     1 ||     1
 Abil: Shaft Self        |     1 |       |       |       ||     1
       Dig               |       |     3 |     5 |    11 ||    19
  Use: Potion            |       |       |     1 |     2 ||     3
       Scroll            |       |       |       |    22 ||    22
 Stab: Distracted        |       |       |     1 |       ||     1
       Betrayed ally     |       |       |       |     1 ||     1
  Eat: Chunk             |       |    19 |     3 |    23 ||    45

Notes
Turn   | Place    | Note
--------------------------------------------------------------
     0 | D:1      | Duffy the Formicid Fighter began the quest for the Orb.
     0 | D:1      | Reached XP level 1. HP: 18/18 MP: 1/1
   196 | D:1      | Reached XP level 2. HP: 24/24 MP: 2/2
   218 | D:1      | Reached skill level 4 in Shields
   274 | D:1      | You fall through a shaft!
   289 | D:2      | Reached XP level 3. HP: 7/29 MP: 3/3
   413 | D:2      | You fall through a shaft for 2 floors!
   527 | D:4      | Found a basalt altar of Yredelemnul.
   605 | D:4      | Found a snail-covered altar of Cheibriados.
   609 | D:4      | Reached skill level 3 in Axes
   618 | D:4      | Became a worshipper of Cheibriados the Contemplative
   884 | D:3      | Reached XP level 4. HP: 31/35 MP: 4/4
  1199 | D:2      | Reached skill level 5 in Shields
  1413 | D:2      | Found a faded altar to an unknown god.
  1418 | D:2      | Reached * piety under Cheibriados
  1613 | D:1      | You fall through a shaft!
  2309 | D:2      | Reached XP level 5. HP: 35/41 MP: 5/5
  2865 | D:3      | Reached ** piety under Cheibriados
  2867 | D:3      | Reached skill level 4 in Axes
  3447 | D:4      | Noticed an ogre
  3448 | D:4      | Found an opulent altar of Gozag.
  3454 | D:4      | Killed an ogre
  3454 | D:4      | Reached skill level 6 in Shields
  3454 | D:4      | Reached XP level 6. HP: 32/47 MP: 6/6
  3989 | D:5      | Entered Level 5 of the Dungeon
  4123 | D:5      | Reached skill level 5 in Axes
  4123 | D:5      | Reached XP level 7. HP: 48/52 MP: 7/7
  4140 | D:5      | Reached skill level 7 in Shields
  4251 | D:5      | Found a shadowy altar of Dithmenos.
  4290 | D:5      | Found a stormy altar of Qazlal.
  4290 | D:5      | Found an iron altar of Okawaru.
  4293 | D:5      | Found an ancient bone altar of Kikubaaqudgha.
  4382 | D:5      | Noticed a yak
  4383 | D:5      | Noticed a yak
  4383 | D:5      | Noticed a yak
  4394 | D:5      | Killed a yak
  4396 | D:5      | Killed a yak
  4396 | D:5      | Reached *** piety under Cheibriados
  4396 | D:5      | Reached skill level 6 in Axes
  4396 | D:5      | Reached skill level 8 in Shields
  4396 | D:5      | Reached XP level 8. HP: 11/58 MP: 8/8
  4404 | D:5      | Killed a yak
  4870 | D:5      | Reached skill level 7 in Axes
  4870 | D:5      | Reached skill level 9 in Shields
  5282 | D:6      | Reached XP level 9. HP: 64/64 MP: 9/9
  5462 | D:6      | Reached skill level 10 in Shields
  5567 | D:6      | Reached skill level 8 in Axes
  5568 | D:6      | Found a staircase to the Ecumenical Temple.
  5625 | Temple   | Entered the Ecumenical Temple
  5766 | D:6      | Reached **** piety under Cheibriados
  5963 | D:6      | Reached skill level 4 in Fighting
  5994 | D:7      | Reached skill level 4 in Armour
  6010 | D:7      | Reached skill level 9 in Axes
  6027 | D:7      | Noticed Pikel
  6056 | D:7      | Killed Pikel
  6056 | D:7      | Reached skill level 5 in Fighting
  6056 | D:7      | Reached skill level 5 in Armour
  6056 | D:7      | Reached XP level 10. HP: 26/74 MP: 10/10
  6149 | D:7      | Found a flagged portal.
  6158 | Bailey   | Entered a bailey
  6395 | Bailey   | Noticed an orc knight
  6407 | Bailey   | Killed an orc knight
  6407 | Bailey   | Reached skill level 10 in Axes
  6511 | Bailey   | Found an iron altar of Okawaru.
  6511 | Bailey   | Noticed an orc knight
  6526 | Bailey   | Killed an orc knight
  6526 | Bailey   | Reached skill level 6 in Fighting
  6526 | Bailey   | Reached skill level 6 in Armour
  6531 | Bailey   | Reached ***** piety under Cheibriados
  7514 | Bailey   | Identified the Reference Book on Boosts and Flight (You found it in a bailey)
  8064 | D:7      | Found Dicadden's Assorted Antiques.
  8072 | D:7      | Bought a scroll labeled IWEVVEIDIGHA for 27 gold pieces
  8072 | D:7      | Bought a scroll labeled SETREY SIUPU for 27 gold pieces
  8072 | D:7      | Bought a scroll labeled JOTYTE LODUA for 27 gold pieces
  8072 | D:7      | Bought a runed plate armour for 621 gold pieces
  8211 | D:8      | Noticed Psyche
  8235 | D:8      | Killed Psyche
  8591 | D:8      | Reached skill level 11 in Axes
  8596 | D:8      | Reached XP level 11. HP: 83/83 MP: 0/11
  8596 | D:8      | Reached skill level 7 in Armour
  8602 | D:8      | Reached skill level 7 in Fighting
  8740 | D:8      | Found a stormy altar of Qazlal.
  9217 | D:9      | Reached skill level 1 in Invocations
  9458 | D:9      | Reached skill level 2 in Invocations
  9482 | D:9      | Reached ****** piety under Cheibriados
  9498 | D:9      | Found a staircase to the Lair.
  9607 | D:9      | Found Fietijah's Jewellery Boutique.
  9903 | D:9      | Reached skill level 3 in Invocations
 10057 | D:10     | Entered Level 10 of the Dungeon
 10057 | D:10     | Noticed a hill giant
 10064 | D:10     | Killed a hill giant
 10064 | D:10     | Reached skill level 12 in Axes
 10064 | D:10     | Reached skill level 4 in Invocations
 10320 | D:10     | Noticed Gastronok
 10338 | D:10     | Killed Gastronok
 10338 | D:10     | Reached skill level 6 in Invocations
 10618 | D:10     | Noticed a hill giant
 10623 | D:10     | Killed a hill giant
 10623 | D:10     | Reached skill level 7 in Invocations
 10623 | D:10     | Reached XP level 12. HP: 82/91 MP: 17/17
 10817 | D:10     | Noticed Fannar
 10830 | D:10     | Killed Fannar
 10830 | D:10     | Reached skill level 13 in Axes
 11130 | Lair:1   | Entered Level 1 of the Lair of Beasts
 11137 | Lair:1   | Reached skill level 8 in Invocations
 11540 | Lair:1   | Noticed Sonja
 11558 | Lair:1   | Killed Sonja
 11778 | Lair:1   | Noticed Nergalle
 11791 | Lair:1   | Killed Nergalle
 11791 | Lair:1   | Reached skill level 9 in Invocations
 11833 | Lair:1   | Noticed Erica
 11838 | Lair:1   | Killed Erica
 12127 | Lair:1   | Quit the game

Vault maps used:
D:1:      dpeg_arrival_round_a
D:2:      ecumenical_altar_2
D:4:      old_standard_altar, grunt_gozag_statues, cheibriados_altar_wand_db,
          first_bread
D:5:      grunt_temple_overflow_open, minmay_misc_feat_four_crosses
D:6:      minmay_temple_entry_glass
D:7:      enter_bailey_2, serial_shops, nicolae_shop_waterfront,
          grunt_livestock, uniq_pikel
D:8:      nicolae_qazlal_general_emergency, uniq_psyche
D:9:      dpeg_oklobed_lair, serial_shops, shop
D:10:     uniq_fannar, uniq_gastronok
Temple:   nicolae_temple_god_jail
Lair:1:   minmay_lair_oklob_bushes, uniq_erica, uniq_nergalle, uniq_sonja
Bailey:   bailey_axe_3, bailey

Vanquished Creatures
  Gastronok Fannar Erica Nergalle Sonja Pikel
  2 orc knights
  2 hill giants Psyche
  A centaur skeleton
  A spiny frog
  A komodo dragon
  8 yaks
  6 sky beasts
  A human
  A steam dragon
  3 hippogriffs
  2 hungry ghosts
  2 water moccasins
  2 porcupines
  A black bear
  An eye of draining
  A slave
  5 ice beasts
  5 orc warriors
  A phantom
  7 ogres
  A wasp
  8 centaurs
  2 crocodiles
  5 giant frogs
  A wyvern zombie
  A water moccasin zombie
  5 wights
  7 crimson imps
  A wasp zombie
  2 centaur zombies
  7 hounds
  3 jellies
  6 orc priests
  A giant frog zombie
  4 iguanas
  7 orc wizards
  2 giant frog skeletons
  5 worker ants
  4 sheep
  A worker ant zombie
  12 adders
  7 gnolls
  9 river rats
  2 shadow imps
  An ooze
  A worm
  5 giant geckos
  38 orcs
  A ball python
  10 giant cockroaches
  10 hobgoblins
  4 jackals
  17 kobolds
  7 quokkas
  3 bats
  A giant gecko skeleton
  5 giant newts
  10 goblins
  7 rats
  3 fungi
286 creatures vanquished.
